 Dungeon Crawl Stone Soup version 0.31-a0-358-gac0dbeb3ab (webtiles) character file.

Game seed: 12615650083111775341

107 randomguy2701 the Trooper (level 4, -4/50 HPs)
             Began as an Ogre Berserker on July 25, 2023.
             Was a Believer of Trog.
             Slain by an orc
             ... wielding a +0 flail
              (8 damage)
             ... on level 4 of the Dungeon.
             The game lasted 00:02:26 (1136 turns).

randomguy2701 the Trooper (Ogre Berserker)          Turns: 1136, Time: 00:02:27

Health: -4/50      AC:  3    Str: 23    XL:     4   Next: 86%
Magic:  4/4        EV: 10    Int:  8    God:    Trog [**....]
Gold:   16         SH:  0    Dex:  8    Spells: 3/3 levels left

rFire   . . .        f - +1 hand axe (elec)
rCold   . . .        (no shield)
rNeg    . . .        b - +0 animal skin
rPois   .            (helmet restricted)
rElec   .            (no cloak)
rCorr   .            (gloves unavailable)
SInv    .            (boots unavailable)
Will    .....        (no amulet)
Stlth   +            (no ring)
HPRegen 0.28/turn    (no ring)
MPRegen 0.09/turn

%: no passive effects
@: on berserk cooldown, slowed, very slow
A: large, unfitting armour, tough skin 1
a: Renounce Religion, Berserk, Trog's Hand


You were on level 4 of the Dungeon.
You worshipped Trog.
Trog was pleased with you.
You visited 1 branch of the dungeon, and saw 3 of its levels.

You collected 16 gold pieces.

Inventory:

Hand Weapons
 a - a +0 hand axe
 f - a +1 hand axe of electrocution (weapon)
Armour
 b - a +0 animal skin (worn)
Scrolls
 c - a scroll of identify {unknown}
 e - 2 scrolls of amnesia {unknown}
 g - a scroll of teleportation {unknown}
 i - a scroll of enchant armour {unknown}
Potions
 d - 2 potions of invisibility {unknown}
 h - a potion of ambrosia {unknown}
 j - a potion of enlightenment {unknown}


   Skills:
 + Level 5.1 Fighting
 + Level 4.2 Axes
 + Level 3.3 Dodging


You had 3 spell levels left.
You didn't know any spells.
Your spell library was empty.

Dungeon Overview and Level Annotations

Branches:
Dungeon (2/15)

Altars:

Portals:
Ossuary: D:4


Innate Abilities, Weirdness & Mutations

You are too large for most types of armour.
You have tough skin. (AC +1)


Message History

You feel a strong urge to attack something.
You start resting.
You feel your anger nearly subside.
You are no longer berserk.
You are exhausted.
You feel yourself slow down.
An orc comes into view. It is wielding a +0 flail.
The orc wizard hits you with a +0 dagger.
Items here: )) [[ †.
The orc shouts!
You hit the orc wizard.
The orc wizard is lightly wounded.
The orc wizard closely misses you.
You closely miss the orc wizard.
The orc wizard is lightly wounded.
The orc wizard casts a spell at you.
You are confused.
The orc wizard gestures at you while chanting.
The magic dart hits you!
The orc wizard hits you but does no damage.
The orc wizard hits you with a +0 dagger.
Things that are here:
a +0 trident; a +0 scale mail; an orc corpse You bump into the rock wall.
The orc hits you with a +0 flail.
The orc wizard gestures at you while chanting.
The magic dart hits you!
* * * LOW HITPOINT WARNING * * *
The orc wizard attacks as you move away!
The orc wizard hits you with a +0 dagger.
* * * LOW HITPOINT WARNING * * *
You feel less confused. The orc wizard barely misses you.
The orc barely misses you.
You hit the orc wizard.
Lightning courses through the orc wizard!
The orc wizard is almost dead.
You hit the orc.
The orc wizard points at you and mumbles some strange words.
The magic dart hits you.
* * * LOW HITPOINT WARNING * * *
The orc hits you with a +0 flail!
You die...

#.#.####.######.###### ##)
#.............##########..
.....#+#...................
.#.. #...############....
#.###.###.# ###... ..
+..∩..'.## #.>... #
###.###).##########.###.
#..oo...........# ##
#..@############# ........#
##.##.### # ...# .#### .. .


You could see an orc wizard and an orc.

Vanquished Creatures
  A howler monkey (D:2)
  An orc wizard (D:4)
  An adder (D:4)
  A worm (D:2)
  2 dart slugs (D:1)
  2 orcs (D:4)
  A bat (D:1)
  3 endoplasms
  3 giant cockroaches
  2 hobgoblins
  A quokka (D:2)
  2 ball pythons
  A frilled lizard (D:1)
  3 kobolds
  3 rats (D:1)
27 creatures vanquished.

Notes
Turn   | Place    | Note
-------+----------+-------------------------------------------
     0 | D:1      | randomguy2701 the Ogre Berserker began the quest for the
                  | Orb.
     0 | D:1      | Reached XP level 1. HP: 24/24 MP: 1/1
   213 | D:1      | Reached XP level 2. HP: 30/32 MP: 2/2
   934 | D:2      | Noticed a howler monkey
   943 | D:2      | Killed a howler monkey
   944 | D:2      | Reached XP level 3. HP: 29/41 MP: 3/3
   951 | D:2      | Reached XP level 4. HP: 36/49 MP: 4/4
  1011 | D:2      | You fall into a shaft and drop 2 floors!
  1018 | D:4      | Reached ** piety under Trog
  1049 | D:4      | Found a sand-covered staircase.
  1107 | D:4      | Reached skill level 5 in Fighting
  1136 | D:4      | Slain by an orc

Illustrated notes

Levels and vault maps discovered:
D:1:      lightli_arrival_flooded_house, layout_loops_cross, minmay_hedge_maze
D:2:      layout_rooms, shapermc_ecumenical_altar_hornbeckon, uniq_natasha
D:4:      layout_loops_ring, grunt_dithmenos_smoke_and_mirrors,
          lemuel_temple_firewalk_a, nicolae_ossuary_entry_plus,
          kennysheep_generic_room_9, uniq_eustachio, uniq_edmund

Skill      XL: |  1  2  3  4 |
---------------+-------------+-----
Dodging        | 3 |  3.3
Fighting       | 5 |  5.1
Axes           | 4 |  4.2

Action                     |  1- 3 |  4- 6 || total
---------------------------+-------+-------++-------
  Melee: Hand axe          |    49 |    20 ||    69
 Invoke: Berserk           |       |     1 ||     1
   Stab: Sleeping          |     2 |       ||     2
 Armour: Animal skin       |     7 |     4 ||    11
  Dodge: Dodged            |    15 |     9 ||    24

Table legend: (Time is in decaauts)
 A = Elapsed time spent in this place.
 B = Non-inter-level travel time spent in this place.
 C = Inter-level travel time spent in this place.
 D = Time resting spent in this place.
 E = Time spent auto-exploring this place.
 F = Levels seen in this place.
 G = Mean time per level.
                   A        B        C        D        E       F      G
               +--------+--------+--------+--------+--------+-----+--------+
         Total |   1145 |   1090 |     55 |      2 |    899 |   3 |  381.7 |
       Dungeon |   1145 |   1090 |     55 |      2 |    899 |   3 |  381.7 |
               +--------+--------+--------+--------+--------+-----+--------+

Top non-repeatable levels by time:
     D:1: 933 daAuts
     D:4: 128 daAuts
     D:2: 84 daAuts
